 Dungeon Crawl Stone Soup version 0.31.0-1-g2c135a0 (webtiles) character file.

Game seed: 17587821898037942292

113 jagoly the Conjurer (level 4, 0/29 HPs)
             Began as an Octopode Conjurer on Jan 25, 2024.
             Was a Follower of Wu Jian.
             Succumbed to an adder's poison
             ... on level 2 of the Dungeon.
             The game lasted 00:06:09 (514 turns).

jagoly the Conjurer (Octopode Conjurer)              Turns: 514, Time: 00:06:09

Health: 0/29       AC:  1    Str:  6    XL:     4   Next: 96%
Magic:  6/8        EV: 13    Int: 22    God:    Wu Jian [*.....]
Gold:   62         SH:  0    Dex: 10    Spells: 5/8 levels left

rFire   . . .        d - +0 dagger
rCold   . . .        (no shield)
rNeg    . . .        (helmet restricted)
rPois   .            (no amulet)
rElec   .            (no ring)
rCorr   .            (no ring)
SInv    .            (no ring)
Will    .....        (no ring)
Stlth   +++          (no ring)
HPRegen 0.24/turn    (no ring)
MPRegen 0.11/turn    (no ring)
                     (no ring)

%: clarity
@: mighty, lethally poisoned (0 -> -1), invisible
A: almost no armour, amphibious, 8 rings, camouflage 1, gelatinous body 1,
(nimble swimmer 1), tentacles, clarity, noise suppression, devolution 1,
persistent drain
a: Renounce Religion


You were on level 2 of the Dungeon.
You worshipped Wu Jian.
Wu Jian was aware of your devotion.
You visited 1 branch of the dungeon, and saw 2 of its levels.

You collected 62 gold pieces.

Inventory:

Hand Weapons
 d - a +0 dagger (weapon)
 l - a +0 sling
Missiles
 g - 16 stones (quivered)
Scrolls
 c - a scroll of identify {unknown}
 e - a scroll of teleportation {unknown}
 i - a scroll of noise {unknown}
 j - a scroll of brand weapon {unknown}
 k - a scroll of blinking {unknown}
 m - a scroll of amnesia {unknown}
Potions
 a - a potion of magic


   Skills:
 + Level 2.0 Fighting
 * Level 1.5 Short Blades
 - Level 2.0 Dodging
 - Level 3.0 Stealth
 + Level 2.8 Spellcasting
 + Level 4.6 Conjurations


You had 5 spell levels left.
You knew the following spells:

 Your Spells              Type           Power      Damage    Failure   Level
a - Magic Dart            Conj           92%        1d7       1%          1
s - Searing Ray           Conj           46%        2d6       3%          2

Your spell library contained the following spells:

 Spells                   Type           Power      Damage    Failure   Level
 Dazzling Flash           Conj/Hex       26%        N/A       14%         3
 Volatile Blastmotes      Fire/Tloc      6%         2d10      36%         3
 Fulminant Prism          Conj/Alch      6%         3d7       43%         4
 Iskenderun's Mystic Bla  Conj/Tloc      13%        2d5       43%         4
 Starburst                Conj/Fire      6%         6d4       100%        6
 Maxwell's Capacitive Co  Air            1%         ∞         100%        8


Dungeon Overview and Level Annotations

Branches:
Dungeon (2/15) Zot: 11487

Altars:
Wu Jian


Innate Abilities, Weirdness & Mutations

You cannot wear most types of armour.
You are amphibious.
You can wear up to eight rings at the same time.
Your skin changes colour to match your surroundings (Stealth+).
Your rubbery body absorbs attacks. (AC +1, EV +1)
((You are camouflaged when in or above water. (Stealth+)))
You have tentacles for arms and can constrict up to eight enemies at once.
You possess an exceptional clarity of mind.
You passively dampen the noise of your surroundings.
You have hidden genetic defects.
Your health recovers twice as slowly from being drained.


Message History

The helpless ball python fails to defend itself.
You puncture the ball python!
You kill the ball python! 2 jackals come into view.
The jackal barks!
You hear a bark!
The bat completely misses you. The bat hits you but does no damage.
You hit the bat.
You kill the bat!
You hit the jackal but do no damage. Your grab misses the jackal.
The jackal bites you.
You barely miss the jackal. You grab the jackal. You constrict the jackal.
The jackal bites you.
The jackal bites you but does no damage.
You hit the jackal but do no damage. You squeeze the jackal.
You kill the jackal!
The jackal bites you but does no damage.
The jackal barely misses you.
You closely miss the jackal.
The jackal barks! x2
You grab the jackal. You constrict the jackal. The jackal barely misses you.
You barely miss the jackal. You squeeze the jackal.
You kill the jackal!
The jackal closely misses you.
You barely miss the jackal. Your grab misses the jackal.
Your squeeze misses the jackal. The jackal closely misses you. x2
You hit the jackal but do no damage. You grab the jackal.
You squeeze the jackal.
The jackal is lightly wounded.
You constrict the jackal, but do no damage.
The jackal struggles to escape constriction.
You hit the jackal but do no damage. You squeeze the jackal.
You kill the jackal!
The jackal misses you.
You closely miss the jackal. You grab the jackal.
You constrict the jackal, but do no damage.
The jackal bites you.
You barely miss the jackal. You squeeze the jackal.
The jackal is heavily wounded.
You constrict the jackal. The jackal barely misses you.
You hit the jackal but do no damage.
The jackal is severely wounded.
You constrict the jackal, but do no damage.
The jackal bites you. x2
You hit the jackal.
The jackal is severely wounded.
You constrict the jackal. The jackal bites you.
You hit the jackal.
You kill the jackal!
You have reached level 3!
Your experience leads to an increase in your attributes!
Increase (S)trength, (I)ntelligence, or (D)exterity?
You feel clever. x2
g - 8 stones (gained 6)
Found a robe.
Found a silvery potion.
h - a silvery potion You see here a jackal corpse.
HP restored.
A jackal comes into view.
The jackal barks!
You hear a bark!
A jackal comes into view.
There are monsters nearby!
A bat comes into view.
A ball python comes into view.
A ball python comes into view.
You closely miss the jackal.
The ball python hisses angrily. x2
Your grab misses the jackal. The jackal misses you.
You hit the jackal but do no damage. Your grab misses the jackal.
The jackal bites you but does no damage.
The jackal barely misses you.
You barely miss the jackal. You grab the jackal. You constrict the jackal.
The jackal completely misses you. The jackal bites you.
You release your grip on the jackal.
The jackal closely misses you. The jackal attacks as it pursues you!
The jackal closely misses you. The jackal bites you.
The jackal closely misses you.
You closely miss the jackal. You grab the jackal.
The jackal is lightly wounded.
You constrict the jackal, but do no damage.
The jackal closely misses you. The jackal barely misses you.
You hit the jackal but do no damage.
The jackal is lightly wounded.
You constrict the jackal, but do no damage.
The jackal closely misses you. The jackal completely misses you.
The jackal closely misses you. The jackal bites you.
You hit the jackal.
The jackal is heavily wounded.
You constrict the jackal. The jackal bites you. The jackal barely misses you.
You hit the jackal but do no damage.
The jackal is severely wounded.
You constrict the jackal.
You kill the jackal!
The bat hits you but does no damage. The jackal misses you.
The jackal bites you but does no damage.
Cast which spell? (? or * to list)
Aiming: Searing Ray (safe; 3% risk of failure)
Press: ? - help, Shift-Dir - straight line The searing ray hits the jackal!
You kill the jackal!
The searing ray hits the ball python!
You kill the ball python! (Press . to maintain the ray.)
The bat hits you but does no damage. The bat barely misses you.
The searing ray hits the ball python.
You kill the ball python!
The bat barely misses you. The bat hits you.
You hit the bat but do no damage. You grab the bat.
You constrict the bat, but do no damage.
The bat barely misses you.
The bat struggles to escape constriction.
You hit the bat but do no damage. You squeeze the bat.
The bat is severely wounded.
You constrict the bat, but do no damage.
The bat hits you.
The bat escapes!
The bat hits you.
You miss the bat. Your grab misses the bat. Your squeeze misses the bat.
The bat is severely wounded.
The bat hits you.
* * * LOW HITPOINT WARNING * * *
The bat hits you.
* * * LOW HITPOINT WARNING * * *
The bat closely misses you.
You are too injured to fight recklessly!
Cast which spell? (? or * to list)
You don't know that spell.
Sorry, you're not good enough to have a special ability.
Unknown command.
Cast which spell? (? or * to list)
Aiming: Magic Dart (safe; 2% risk of failure)
Press: ? - help, Shift-Dir - straight line, f - bat
Aim: a bat (severely wounded, 100% to hit)
The magic dart hits the bat.
You kill the bat!
Found an escape hatch in the floor.
Found 13 gold pieces.
Found a stone staircase leading down.
You now have 38 gold pieces (gained 13).
There is a stone staircase leading down here.
You climb downwards.
The adder hisses angrily.
Found 2 stones.
There is a stone staircase leading up here.
Cast which spell? (? or * to list)
Aiming: Searing Ray (safe; 3% risk of failure)
Press: ? - help, Shift-Dir - straight line, f - adder
Aim: an adder (63% to hit)
The searing ray hits the adder.
The adder is heavily wounded. (Press . to maintain the ray.)
The searing ray hits the adder!
You kill the adder!
g - 10 stones (gained 2)
You see here an adder corpse.
A ribbon worm comes into view.
Found 10 gold pieces.
You now have 48 gold pieces (gained 10).
Cast which spell? (? or * to list)
Aiming: Searing Ray (safe; 3% risk of failure)
Press: ? - help, Shift-Dir - straight line, f - ribbon worm
Aim: a ribbon worm (asleep, 100% to hit)
The searing ray hits the ribbon worm.
The ribbon worm is lightly wounded. (Press . to maintain the ray.)
The ribbon worm expels a string of sticky webbing.
The stream of webbing hits you but does no damage.
You are caught in a web!
The searing ray hits the ribbon worm!
The ribbon worm is severely wounded.
The searing ray hits the ribbon worm.
The ribbon worm is severely wounded.
You cannot throw/fire anything while caught in a web.
Unknown command.
The web tears apart.
You don't have enough magic to cast this spell.
You don't have enough magic to cast this spell.
Search for what [? for help]?
Okay, then.
Throw: 10 stones
Press: ? - help, Q - select action, (/) - cycle Shift-Dir - straight line, f/p - ribbon worm
Aim: a ribbon worm (severely wounded, 73% to hit)
You throw a stone.
The stone completely misses the ribbon worm.
You hit the ribbon worm. You grab the ribbon worm.
The ribbon worm is severely wounded.
You constrict the ribbon worm, but do no damage.
The ribbon worm expels a string of sticky webbing.
The stream of webbing hits you but does no damage.
You are caught in a web!
You struggle to detach yourself from the web.
You constrict the ribbon worm, but do no damage.
The ribbon worm barely misses you.
The web tears apart.
You constrict the ribbon worm. You hit the ribbon worm.
The ribbon worm is severely wounded.
You constrict the ribbon worm. The ribbon worm bites you.
You hit the ribbon worm but do no damage.
The ribbon worm is severely wounded.
You constrict the ribbon worm. The ribbon worm misses you.
You hit the ribbon worm but do no damage.
The ribbon worm is almost dead.
You constrict the ribbon worm. The ribbon worm bites you.
You hit the ribbon worm.
You kill the ribbon worm!
Found a faded altar of an unknown god.
There is an empty arch of ancient stone here.
There is a faded altar of an unknown god here.
This altar belongs to (a) Wu Jian, (b) Cheibriados or (c) Uskayaw, but you can't tell which.
Press the corresponding letter to learn more about a god, or press enter to convert or escape to cancel.
Wu Jian accepts your prayer! The Council welcomes you!
You can now perform damaging attacks by moving towards foes.
You can now lightly attack monsters by moving around them.
HP restored.
HP restored.
Magic restored.
Found a robe.
A quokka comes into view.
You see here a +0 robe.
A quokka is nearby!
A quokka is nearby!
The helpless quokka fails to defend itself.
You puncture the quokka!
You kill the quokka!
The Council accepts your kill.
Found a scroll labelled ROLISE AKEKK.
i - a scroll labelled ROLISE AKEKK
Found 4 stones and a glowing hand axe.
g - 13 stones (gained 4)
You see here a +0 vampiric hand axe.
Found a scale mail.
A bat comes into view.
A bat is nearby!
Found a stone staircase leading up.
The bat hits you.
You hit the bat.
You kill the bat!
The Council accepts your kill.
No target in view!
You see here a bat corpse.
A gnoll comes into view. It is wielding a +0 club.
A gnoll is nearby!
A gnoll comes into view. It is wielding a +0 whip.
Found a scroll labelled SALU DIRCHAISIM.
A hobgoblin comes into view.
Cast which spell? (? or * to list)
Aiming: Searing Ray (safe; 3% risk of failure)
Press: ? - help, Shift-Dir - straight line The searing ray hits the gnoll.
The gnoll is moderately wounded.
The searing ray hits the gnoll.
The gnoll is moderately wounded. (Press . to maintain the ray.)
You hear a shout!
A gnoll comes into view. It is wielding a +0 whip.
The searing ray misses the gnoll.
The searing ray hits the gnoll!
The gnoll is almost dead.
The hobgoblin shouts!
The searing ray hits the gnoll!
The gnoll is severely wounded.
The searing ray hits the gnoll.
The gnoll is severely wounded.
The searing ray hits the gnoll!
You kill the gnoll!
The Council accepts your kill.
The searing ray hits the gnoll.
You kill the gnoll!
The Council accepts your kill.
You finish channelling your searing ray.
You have reached level 4!
You hit the gnoll but do no damage. Your grab misses the gnoll.
You squeeze the gnoll.
You kill the gnoll!
The Council accepts your kill.
Your Short Blades skill increases to level 1!
You barely miss the hobgoblin. Your grab misses the hobgoblin.
Your squeeze misses the hobgoblin. The hobgoblin hits you.
You hit the hobgoblin but do no damage. You grab the hobgoblin.
You squeeze the hobgoblin, but do no damage.
You constrict the hobgoblin, but do no damage.
You hit the hobgoblin. You squeeze the hobgoblin.
You kill the hobgoblin!
The Council accepts your kill.
There is a stone staircase leading up here.
Items here: )) ††.
Okay, then.
Press: ? - help, v - describe, . - travel, g - get item
Items here: a +0 whip; a gnoll corpse.
The floor, spattered with blood.
You climb upwards.
There is a stone staircase leading down here.
You climb downwards.
There is a stone staircase leading up here.
Items here: )) ††.
Things that are here:
a +0 whip; a gnoll corpse
j - a scroll labelled SALU DIRCHAISIM A dart slug, a ball python, a giant cockroach and a rat come into view.
The rat squeaks loudly.
An adder comes into view.
The ball python moves out of view.
The rat moves out of view.
There are monsters nearby!
Cast which spell? (? or * to list)
Aiming: Searing Ray (safe; 3% risk of failure)
Press: ? - help, Shift-Dir - straight line, f - adder
Aim: an adder (63% to hit)
The searing ray hits the adder.
The adder is heavily wounded. (Press . to maintain the ray.)
You hear an angry hiss. x2
The searing ray misses the adder.
The searing ray hits the giant cockroach!
You kill the giant cockroach!
The Council accepts your kill.
Without enough magic to sustain it, your searing ray dissipates.
The adder bites you.
You hit the adder. Your grab misses the adder.
The adder is severely wounded.
The adder bites you.
You are poisoned.
The adder poisons you!
You closely miss the adder. Your grab misses the adder.
The adder is severely wounded.
You feel sick. The adder bites you.
You are more poisoned.
The adder poisons you! The adder bites you but does no damage.
You hit the adder but do no damage. Your grab misses the adder.
The adder is severely wounded.
You feel very sick. The adder barely misses you.
You barely miss the adder. Your grab misses the adder.
Your squeeze misses the adder.
The adder is severely wounded.
You feel sick. The adder bites you.
You are more poisoned.
The adder poisons you!
You hit the adder but do no damage. You grab the adder.
Your squeeze misses the adder.
The adder is severely wounded.
You constrict the adder.
You feel sick. The adder misses you.
You barely miss the adder.
The adder is severely wounded.
You constrict the adder.
You feel sick. The adder barely misses you.
You are too injured to fight recklessly!
You are too injured to fight recklessly!
Hit: d) +0 dagger
Press: ? - help, Dir - move target, f/p - adder
Aim: an adder (almost dead, constricted by you, about 21% to evade your +0 dagger)
You hit the adder.
You kill the adder!
The Council accepts your kill.
You feel sick.
You are too injured to fight recklessly!
Hit: d) +0 dagger
Press: ? - help, Dir - move target, f - ball python
Aim: a ball python (about 43% to evade your +0 dagger)
You hit the ball python. Your grab misses the ball python.
You squeeze the ball python.
You kill the ball python!
The Council accepts your kill.
You feel sick.
You are mildly poisoned (11 -> 8).
You have 6 tentacles available for constriction.
Your movement speed is average.
Your attack delay is about 0.9.
Your damage rating with your +0 dagger is about 4 (Base 4 x 100% (Dex) x 105% (Skill)).
Unknown command.
You feel sick.
You see here an adder corpse.
Unknown command.
You feel sick.
Unknown command.
Found a scroll labelled XOPOQEYZIEPT and 3 stones.
You feel sick.
You feel sick.
You are no longer poisoned.
An adder comes into view.
You see here a giant cockroach corpse.
You are too injured to fight recklessly!
You are too injured to fight recklessly!
The adder hisses angrily.
You hit the rat.
You kill the rat!
The Council accepts your kill.
You see here an adder corpse.
Cast which spell? (? or * to list)
Aiming: Searing Ray (safe; 3% risk of failure)
Press: ? - help, Shift-Dir - straight line, f - adder
Aim: an adder (63% to hit)
The searing ray hits the adder!
You kill the adder!
The Council accepts your kill. (Press . to maintain the ray.)
Your Fighting skill increases to level 2!
You see here an adder corpse.
You lunge at the dart slug.
You hit the dart slug. Your grab misses the dart slug.
Your squeeze misses the dart slug.
The dart slug is heavily wounded.
The dart slug misses you.
You see here an adder corpse.
Hit: d) +0 dagger
Press: ? - help, Dir - move target, f - dart slug
Aim: a dart slug (heavily wounded, about 7% to evade your +0 dagger)
You hit the dart slug. You grab the dart slug.
You squeeze the dart slug, but do no damage.
The dart slug is severely wounded.
You constrict the dart slug, but do no damage.
The dart slug barely misses you.
Hit: d) +0 dagger
Press: ? - help, Dir - move target, f/p - dart slug
Aim: a dart slug (severely wounded, constricted by you, about 2% to evade your +0 dagger)
You hit the dart slug.
You kill the dart slug!
The Council accepts your kill.
You see here a dart slug corpse.
Found 14 gold pieces.
You see here a rat corpse.
Found a scroll labelled MYLLANGUECA.
k - a scroll labelled XOPOQEYZIEPT
Found a sling.
You see here a +0 sling.
l - a +0 sling
g - 16 stones (gained 3)
You now have 62 gold pieces (gained 14).
m - a scroll labelled MYLLANGUECA An adder comes into view.
A giant cockroach comes into view.
The giant cockroach bites you but does no damage.
You hit the giant cockroach. You grab the giant cockroach.
You squeeze the giant cockroach.
You kill the giant cockroach!
The Council accepts your kill.
A goblin comes into view. It is wielding a +0 club.
The goblin shouts!
The adder hisses angrily.
The adder barely misses you.
You hit the adder but do no damage. You grab the adder.
Your squeeze misses the adder. You constrict the adder. The adder bites you.
You hit the adder. You squeeze the adder.
The adder is severely wounded.
You constrict the adder. The adder bites you.
You hit the adder but do no damage. Your squeeze misses the adder.
The adder is almost dead.
You constrict the adder, but do no damage.
The adder barely misses you. x2
You hit the adder but do no damage.
The adder is almost dead.
You constrict the adder. The goblin hits you with a +0 club.
* * * LOW HITPOINT WARNING * * *
The adder bites you.
* * * LOW HITPOINT WARNING * * *
You are poisoned.
The adder poisons you!
Hit: d) +0 dagger
Press: ? - help, Dir - move target, f - adder
Aim: an adder (almost dead, constricted by you, about 21% to evade your +0 dagger)
You hit the adder.
You kill the adder!
The Council accepts your kill.
You feel sick. The goblin barely misses you.
Hit: d) +0 dagger
Press: ? - help, Dir - move target, f - goblin
Aim: a goblin, wielding a +0 club (about 45% to evade your +0 dagger)
You hit the goblin. Your grab misses the goblin.
The goblin is heavily wounded.
You feel sick. The goblin hits you with a +0 club.
* * * LOW HITPOINT WARNING * * *
Press: ? - help, v - describe, . - travel
Here: a goblin, wielding a +0 club (heavily wounded)
The floor.
You are lethally poisoned (4 -> 0).
You have 6 tentacles available for constriction.
Your movement speed is average.
Your attack delay is about 0.9.
Your damage rating with your +0 dagger is about 4 (Base 4 x 100% (Dex) x 106% (Skill)).
Unknown command.
It was a potion of invisibility.
You fade into invisibility!
* * * LOW HITPOINT WARNING * * *
You feel sick. The goblin barely misses you.
It was a potion of mutation.
You feel extremely strange.
You begin to recover more slowly from draining effects.
You feel a hidden malignance growing inside you.
Your thoughts seem clearer.
You feel your surroundings grow quieter.
* * * LOW HITPOINT WARNING * * *
You feel sick. The goblin misses you.
It was a potion of might.
You feel very mighty all of a sudden.
* * * LOW HITPOINT WARNING * * *
You feel sick. The goblin misses you.
You are mighty.
You are lethally poisoned (2 -> 0).
You are invisible.
You have 6 tentacles available for constriction.
Your movement speed is average.
Your attack delay is about 0.9.
Your damage rating with your +0 dagger is about 4 (Base 4 x 100% (Dex) x 106% (Skill)).
Unknown command.
Hit: d) +0 dagger
Press: ? - help, Dir - move target, f/p - goblin
Aim: a goblin, wielding a +0 club (heavily wounded, unable to see you, about 45% to evade your +0 dagger)
You puncture the goblin!
You kill the goblin!
The Council accepts your kill.
* * * LOW HITPOINT WARNING * * *
You feel sick.
Okay, then.
You aren't carrying any items that you can evoke.
You die...

#. #.....###.. ##.#
#..##.#.#..
#...#####..#.......
## #.#.......##.#.##.
#.##...............#.
#.###.######.#.#.##.
#.#..## #.###†...
#....## #....†###
#@)...# ##..##.##
#.†.....##......†##
........###.######†#
#...........# ##†
#.##.#..###.# #. #.
#.#.## .# #. # #.#.#
. #. #. .# #. #.


There were no monsters in sight!

Vanquished Creatures
  3 gnolls (D:2)
  4 adders (D:2)
  2 dart slugs
  A ribbon worm (D:2)
  5 bats
  2 giant cockroaches (D:2)
  A goblin (D:2)
  A hobgoblin (D:2)
  10 jackals (D:1)
  4 kobolds (D:1)
  2 quokkas
  4 ball pythons
  A frilled lizard (D:1)
  A rat (D:2)
41 creatures vanquished.

Notes
Turn   | Place    | Note
-------+----------+-------------------------------------------
     0 | D:1      | jagoly the Octopode Conjurer began the quest for the Orb.
     0 | D:1      | Reached XP level 1. HP: 11/11 MP: 3/3
    60 | D:1      | Reached XP level 2. HP: 18/18 MP: 0/5
   134 | D:1      | Reached skill level 1 in Fighting
   144 | D:1      | Learned a level 2 spell: Searing Ray
   183 | D:1      | Reached XP level 3. HP: 13/23 MP: 6/6
   306 | D:2      | Found a faded altar of an unknown god.
   314 | D:2      | Prayed at the altar of an unknown god.
   314 | D:2      | Became a worshipper of the Wu Jian Council
   314 | D:2      | Reached * piety under Wu Jian
   421 | D:2      | Reached XP level 4. HP: 29/29 MP: 1/7
   422 | D:2      | Reached skill level 1 in Short Blades
   511 | D:2      | Gained mutation: Your health recovers twice as slowly from
                  | being drained. [potion of mutation]
   511 | D:2      | Gained mutation: You have hidden genetic defects. [potion
                  | of mutation]
   511 | D:2      | Gained mutation: You possess an exceptional clarity of
                  | mind. [potion of mutation]
   511 | D:2      | Gained mutation: You passively dampen the noise of your
                  | surroundings. [potion of mutation]
   513 | D:2      | HP: 1/29 [poisoned by an adder]
   514 | D:2      | Succumbed to an adder's poison

Illustrated notes

Levels and vault maps discovered:
D:1:      eino_arrival_cavern_d, layout_rooms,
          nicolae_concentric_dashed_squares_wild
D:2:      layout_loops_ring, shapermc_ecumenical_altar_totnotflames,
          minmay_pentomino_u4

Skill      XL: |  1  2  3  4 |
---------------+-------------+-----
Stealth        | 3 |  3.0
Fighting       | 1 2 |  2.0
Short Blades   | 1 |  1.5
Dodging        | |  2.0
Spellcasting   | |  2.8
Conjurations   | |  4.6

Action                     |  1- 3 |  4- 6 || total
---------------------------+-------+-------++-------
  Melee: Unarmed           |     5 |       ||     5
         Constrict         |    14 |     5 ||    19
         Tentacles         |    11 |     7 ||    18
         Dagger            |    50 |    24 ||    74
         Punch             |     1 |       ||     1
  Throw: Stone             |     1 |       ||     1
   Cast: Magic Dart        |    11 |       ||    11
         Searing Ray       |     4 |     2 ||     6
Ability: Lunge             |       |     1 ||     1
    Use: Potion            |       |     3 ||     3
   Stab: Sleeping          |     4 |       ||     4
 Armour: Skin              |    39 |    12 ||    51
  Dodge: Dodged            |    43 |    12 ||    55
